 Dungeon Crawl Stone Soup version 0.28.0-1-gb440e238dd (webtiles) character file.

Game seed: 14909145129613795652

3084 funkygono the Thaumaturge (level 9, -2/47 HPs)
             Began as a Gargoyle Fire Elementalist on Feb 24, 2022.
             Was a Follower of Vehumet.
             Slain by a wyvern (6 damage)
             ... on level 6 of the Dungeon.
             The game lasted 00:17:50 (8097 turns).

funkygono the Thaumaturge (GrFE)                    Turns: 8097, Time: 00:17:50

Health: -2/47      AC: 13    Str: 11    XL:     9   Next: 89%
Magic:  7/21       EV: 12    Int: 21    God:    Vehumet [*.....]
Gold:   471        SH:  0    Dex: 10    Spells: 9/25 levels left

rFire   . . .      SeeInvis .   s - +0 flail (vorpal)
rCold   . . .      Faith    .   (no shield)
rNeg    + . .      Spirit   .   a - +0 robe
rPois   ∞          Reflect  .   (no helmet)
rElec   +          Harm     .   (no cloak)
rCorr   .          Rampage  .   t - +1 pair of gloves
Will    .....                   w - +2 pair of boots
Stlth   ++........              (no amulet)
HPRegen 0.15/turn               (no ring)
MPRegen 0.17/turn               (no ring)

@: marked
A: sickness immunity, AC +6, negative energy resistance 1, electricity
resistance, torment resistance 1, petrification resistance
a: Renounce Religion


You were on level 6 of the Dungeon.
You worshipped Vehumet.
Vehumet was aware of your devotion.
You visited 2 branches of the dungeon, and saw 8 of its levels.
You also visited: Ossuary.

You collected 471 gold pieces.

Inventory:

Hand Weapons
 b - a +0 dagger of venom
 k - a +3 antimagic flail
 m - a +0 whip
 s - a +0 vorpal flail (weapon)
Missiles
 o - 48 stones
Armour
 a - a +0 robe (worn)
 h - a +0 leather armour
 t - a +1 pair of gloves (worn)
 w - a +2 pair of boots (worn)
Jewellery
 p - a ring of protection from cold
Wands
 n - a wand of digging (5)
Scrolls
 c - a scroll of blinking
 e - a scroll of teleportation
 f - a scroll of enchant armour
 q - 3 scrolls of immolation
 u - a scroll of summoning
Potions
 d - a potion of resistance
 g - 2 potions of attraction
 i - 2 potions of mutation {unknown}
 j - a potion of berserk rage {unknown}
 l - 3 potions of curing
 r - 2 potions of might {unknown}
 v - 4 potions of heal wounds


   Skills:
 + Level 1.2 Fighting
 + Level 2.3 Dodging
 - Level 2.1 Stealth
 * Level 8.6 Spellcasting
 * Level 5.9 Conjurations
 * Level 8.0 Fire Magic
 * Level 2.2 Poison Magic


You had 9 spell levels left.
You knew the following spells:

 Your Spells              Type           Power      Damage    Failure   Level
a - Foxfire               Conj/Fire      100%       2x1d9     1%          1
b - Scorch                Fire           86%        2d9       1%          2
c - Conjure Flame         Conj/Fire      38%        6-21      1%          3
d - Flame Wave            Conj/Fire      38%        2d9       4%          4
e - Sting                 Tmut/Pois      52%        1d5       4%          1
f - Olgreb's Toxic Radia  Pois           18%        N/A       28%         4
g - Sandblast             Erth           18%        2d7       8%          1

Your spell library contained the following spells:

 Spells                   Type           Power      Damage    Failure   Level
 Inner Flame              Hex/Fire       26%        N/A       4%          3
 Poisonous Vapours        Pois/Air       26%        N/A       7%          2
 Summon Small Mammal      Summ           36%        N/A       8%          1
 Corpse Rot               Necr/Air       18%        N/A       12%         2
 Call Canine Familiar     Summ           9%         N/A       22%         3
 Gell's Gravitas          Tloc           9%         N/A       22%         3
 Lesser Beckoning         Tloc           9%         N/A       22%         3
 Ozocubu's Armour         Ice            9%         N/A       22%         3
 Summon Guardian Golem    Hex/Summ       9%         N/A       22%         3
 Teleport Other           Tloc           9%         N/A       22%         3
 Dispel Undead            Necr           9%         3d8       58%         4
 Death Channel            Necr           4%         N/A       100%        6
 Ozocubu's Refrigeration  Ice            4%         4d5       100%        7


Dungeon Overview and Level Annotations

Branches:
Dungeon (7/15)             Temple (1/1) D:4         Ossuary (visited)

Altars:
Ashenzari
Cheibriados
Dithmenos
Elyvilon
Fedhas
Gozag
Kikubaaqudgha
Makhleb
Nemelex Xobeh
Okawaru
Qazlal
Ru
Sif Muna
Trog
Uskayaw
Vehumet
Wu Jian
Xom
Yredelemnul
Zin
The Shining One

Shops:
D:2 *


Innate Abilities, Weirdness & Mutations

You are immune to sickness and miasma.
Your stone body is resilient. (AC +6)
You are immune to poison.
You resist negative energy. (rN+)
You are resistant to electric shocks. (rElec)
You are resistant to unholy torment.
You are immune to petrification.


Message History

The centaur is heavily wounded.
The centaur's fire resistance burns away.
The foxfire hits the wyvern.
The wyvern is lightly wounded.
The foxfire hits the wyvern but does no damage.
The wyvern is lightly wounded.
The wyvern barely misses you. The wyvern bites you!
A gnoll comes into view. It is wielding a +0 club.
A gnoll shaman comes into view. It is wielding a +0 whip.
The wyvern closely misses you.
The centaur shoots an arrow.
The arrow hits you. The wyvern barely misses you.
The centaur is no longer more vulnerable to fire.
The centaur shoots an arrow.
The arrow hits you but does no damage. The wyvern bites you.
There is a stone staircase leading up here.
The wyvern bites you.
You climb upwards.
There is a stone staircase leading down here.
Unknown command.
Casting: Scorch (safe; 1% risk of failure)
Confirm with . or Enter, or press ? or * to list all spells.
Flames lash the wyvern.
The wyvern is heavily wounded.
The wyvern's fire resistance burns away.
The wyvern hisses menacingly.
The wyvern bites you. The wyvern bites you!
* * * LOW HITPOINT WARNING * * *
Casting: Scorch (safe; 1% risk of failure)
Confirm with . or Enter, or press ? or * to list all spells.
Flames lash the wyvern.
The wyvern is burned terribly!
The wyvern is heavily wounded.
The wyvern bites you.
* * * LOW HITPOINT WARNING * * *
Unknown command.
Casting: Scorch (safe; 1% risk of failure)
Confirm with . or Enter, or press ? or * to list all spells.
Flames lash the wyvern.
The wyvern is burned terribly!
The wyvern is severely wounded.
The wyvern bites you.
You die...

#.#####.#......).#
#.# #.########.#
#.# #.# #.# #.#
#.# #.# #.#####.#
#.# #.......#
#.#### ###.#####
#...<. #.####
###### #.@l.# #
####.# # #.# ##
#.# ##. #.#
#####.. #.#
#.....≈
#.########...≈.P
###...........≈.≈≈
#....#####.#..P≈≈≈


You could see a wyvern (combustible).

Vanquished Creatures
  A two-headed ogre (D:4)
  A water moccasin (D:6)
  A sky beast (D:6)
  2 black bears
  A necrophage (D:6)
  3 ogres
  A centaur (D:6)
  A phantom (D:5)
  A bullfrog (D:6)
  A scorpion (D:6)
  A water moccasin zombie (D:5)
  2 elf skeletons (D:4)
  A water moccasin skeleton (D:4)
  2 electric eels (D:6)
  2 centaur zombies
  A bullfrog zombie (D:6)
  2 human zombies
  2 orc priests
  A hound (D:5)
  A gnoll shaman (D:5)
  2 jellies
  2 bullfrog skeletons
  Jessica (D:3)
  A human skeleton (D:4)
  7 iguanas
  5 orc wizards
  A killer bee zombie (D:7)
  5 hound zombies
  A hound skeleton (D:4)
  4 mummies (Ossuary)
  A howler monkey skeleton (D:5)
  8 gnolls (D:5)
  2 river rats (D:4)
  11 adders
  An ufetubus (D:5)
  2 worms
  An adder zombie (Ossuary)
  A dart slug (D:1)
  9 orcs
  6 ball pythons
  2 bats
  6 endoplasms
  2 giant cockroaches (D:2)
  A gnoll zombie (Ossuary)
  4 hobgoblins
  6 kobolds
  5 quokkas
  A frilled lizard (D:2)
  4 goblins
  A goblin zombie (Ossuary)
  3 kobold zombies (Ossuary)
  2 orc skeletons (D:4)
  5 rats
  A rat zombie (Ossuary)
  11 bushes (D:6)
153 creatures vanquished.

Vanquished Creatures (collateral kills)
  16 foxfires (D:6)
16 creatures vanquished.

Vanquished Creatures (others)
  553 foxfires
  2 fungi (D:1)
  29 plants
584 creatures vanquished.

Grand Total: 753 creatures vanquished

Notes
Turn   | Place    | Note
-------+----------+-------------------------------------------
     0 | D:1      | funkygono the Gargoyle Fire Elementalist began the quest
                  | for the Orb.
     0 | D:1      | Reached XP level 1. HP: 10/10 MP: 3/3
   240 | D:1      | Reached XP level 2. HP: 13/15 MP: 0/5
   357 | D:1      | Learned a level 2 spell: Scorch
   489 | D:1      | Found a faded altar of an unknown god.
  1097 | D:2      | Found Joporpho's Assorted Antiques.
  1146 | D:2      | Reached XP level 3. HP: 12/19 MP: 1/6
  1150 | D:2      | Learned a level 3 spell: Conjure Flame
  1765 | D:3      | Reached XP level 4. HP: 24/24 MP: 5/8
  1962 | D:3      | Noticed an ogre
  1968 | D:3      | Killed an ogre
  1969 | D:3      | Reached XP level 5. HP: 28/28 MP: 2/10
  1974 | D:3      | Learned a level 4 spell: Flame Wave
  2089 | D:3      | Noticed Jessica
  2094 | D:3      | Killed Jessica
  2333 | D:3      | Reached XP level 6. HP: 6/33 MP: 1/12
  2594 | D:3      | Learned a level 1 spell: Sting
  3081 | D:4      | Found a sand-covered staircase.
  3091 | D:4      | Reached skill level 5 in Fire Magic
  3171 | Ossuary  | Entered an ossuary
  3180 | Ossuary  | Reached XP level 7. HP: 35/37 MP: 2/14
  3275 | Ossuary  | Reached skill level 5 in Spellcasting
  3669 | D:4      | Noticed a two-headed ogre
  3683 | D:4      | Killed a two-headed ogre
  3684 | D:4      | Reached skill level 1 in Fighting
  3684 | D:4      | Reached XP level 8. HP: 21/43 MP: 5/17
  4099 | D:4      | Found a staircase to the Ecumenical Temple.
  4105 | Temple   | Entered the Ecumenical Temple
  4208 | Temple   | Became a worshipper of Vehumet
  4262 | D:4      | Learned a level 4 spell: Olgreb's Toxic Radiance
  5247 | D:5      | Entered Level 5 of the Dungeon
  5660 | D:5      | Reached XP level 9. HP: 47/47 MP: 16/19
  5776 | D:5      | Reached * piety under Vehumet
  5776 | D:5      | Offered knowledge of Sandblast by Vehumet.
  5825 | D:5      | Learned a level 1 spell: Sandblast
  6070 | D:5      | Reached skill level 5 in Conjurations
  6512 | D:6      | Reached skill level 1 in Poison Magic
  8097 | D:6      | Slain by a wyvern

Illustrated notes

Levels and vault maps discovered:
D:1:      heliophobic_arrival_battle_scene, layout_loops_ring,
          shapermc_ecumenical_altar_petra
D:2:      layout_rooms, serial_shops, nicolae_shop_trees
D:3:      layout_loops_ring, minmay_misc_feat_five, kennysheep_jessica_study
D:4:      layout_loops_ring, minmay_temple_entry_offerings,
          gup_sewer_entry_spiral, nicolae_ossuary_entry_catacombs,
          minmay_crystal_water, serial_bayou_lagoon_b
D:5:      layout_gridville
D:6:      layout_loops_ring, minmay_hedge_maze, chequers_big_river
D:7:      layout_rooms, ebering_ghost_gozag
Temple:   kilobyte_greek_temple

Skill      XL: |  1  2  3  4  5  6  7  8  9 |
---------------+----------------------------+-----
Spellcasting   | 3 4 6 7 8 |  8.6
Conjurations   | 2 3 4 5 |  5.9
Fire Magic     | 4 5 6 7 8 |  8.0
Fighting       | 1 |  1.2
Dodging        | 2 |  2.3
Poison Magic   | 2 |  2.2
Stealth        | |  2.1

Action                   |  1- 3 |  4- 6 |  7- 9 || total
-------------------------+-------+-------+-------++-------
Melee: Dagger            |    14 |    12 |     5 ||    31
       Flail             |       |       |    11 ||    11
 Cast: Foxfire           |    46 |    61 |   228 ||   335
       Scorch            |     6 |     9 |    40 ||    55
       Flame Wave        |       |     1 |     5 ||     6
  Use: Potion            |       |       |     2 ||     2
       Scroll            |       |       |    12 ||    12
 Stab: Sleeping          |       |     1 |       ||     1
Armor: Robe              |     4 |    29 |    28 ||    61
Dodge: Dodged            |     5 |    35 |    51 ||    91
